 Dungeon Crawl Stone Soup version 0.27-a0-887-gcab673c142 (webtiles) character file.

Game seed: 9338906566085948361

119 sizableburger the Skirmisher (level 4, -2/37 HPs)
             Began as a Mummy Monk on Apr 4, 2021.
             Slain by Natasha (7 damage)
             ... on level 2 of the Dungeon.
             The game lasted 00:06:18 (3976 turns).

sizableburger the Skirmisher (Mummy Monk)           Turns: 3976, Time: 00:06:19

Health: -2/37      AC:  3    Str: 15    XL:     4   Next: 74%
Magic:  3/4        EV: 12    Int:  9    God:
Gold:   33         SH:  0    Dex: 14    Spells: 2/3 levels left

rFire    x . .     SeeInvis .     - Unarmed
rCold    + . .     Faith    .   (no shield)
rNeg     + + +     Spirit   .   a - +0 robe
rPois    ∞         Reflect  .   (no helmet)
rElec    .         Harm     .   (no cloak)
rCorr    .         Rampage  .   (no gloves)
Will     .....                  d - +0 pair of boots
Stlth    ++........             (no amulet)
HPRegen  0.12/turn              g - ring of wizardry
MPRegen  0.09/turn              (no ring)

@: no status effects
A: cold resistance 1, negative energy resistance 3, torment resistance 2,
unbreathing 1, heat vulnerability 1, no potions
a: no special abilities


You were on level 2 of the Dungeon.
You visited 1 branch of the dungeon, and saw 2 of its levels.

You collected 33 gold pieces.

Inventory:

Armour
 a - a +0 robe (worn)
 d - a +0 pair of boots (worn)
Jewellery
 g - a ring of wizardry (left hand)
Scrolls
 e - a scroll of noise


   Skills:
 + Level 3.7 Fighting
 - Level 2.8 Dodging
 - Level 1.5 Stealth
 * Level 3.6 Unarmed Combat
 + Level 0.8 Summonings


You had 2 spell levels left.
You knew the following spells:

 Your Spells              Type           Power      Damage    Failure   Level
a - Summon Small Mammal   Summ           4%         N/A       12%         1

Your spell library contained the following spells:

 Spells                   Type           Power      Damage    Failure   Level
 Animate Skeleton         Necr           0%         N/A       16%         1
 Apportation              Tloc           0%         N/A       16%         1
 Corona                   Hex            0%         N/A       16%         1


Dungeon Overview and Level Annotations

Branches:
Dungeon (2/15)

Altars:
Sif Muna

Annotations:
D:2 1 runed translucent door, Crazy Yiuf, Natasha, Robin


Innate Abilities, Weirdness & Mutations

You are immune to poison.
Your flesh is cold resistant. (rC+)
You are immune to negative energy. (rN+++)
You are immune to unholy pain and torment.
You can survive without breathing.
You are vulnerable to heat. (rF-)
You do not drink.


Message History

Throw: javelin
Press: ? - help, Q - select action, (/) - cycle Shift-Dir - straight line, f/p - Robin
Aim: Robin, wielding a +0 whip, wearing a +0 animal skin and wearing a +0 helmet (heavily wounded, 67% to hit)
You throw a javelin. The javelin barely misses Natasha.
The javelin pierces through the crimson imp but does no damage.
The javelin pierces through the hobgoblin.
The hobgoblin is heavily wounded.
The javelin pierces through Robin.
Robin is heavily wounded.
The goblin misses you. Natasha claws you!
The goblin hits you but does no damage.
As you read the scroll labelled EZOG FIUTWAXIWN, it crumbles to dust.
It is a scroll of identify.
e - a scroll of noise Natasha misses you.
The goblin hits you but does no damage.
As you read the scroll labelled ITWEBOTSAI, it crumbles to dust.
It is a scroll of amnesia.
Really abort (and waste the scroll)? [Y]es or [N]o only, please.
Really abort (and waste the scroll)?
Okay, then.
Natasha claws you!
* * * LOW HITPOINT WARNING * * *
The goblin hits you with a +0 dagger.
* * * LOW HITPOINT WARNING * * *
Unknown command.
You can't drink.
Casting: Summon Small Mammal (safe; 12% risk of failure)
Confirm with . or Enter, or press ? or * to list all spells.
Robin says, "A pitiful Mummy like you will never find the ORB!"
Natasha mumbles some strange words.
The goblin misses you.
You hit the goblin.
The goblin is moderately wounded.
Natasha barely misses you. The goblin hits you with a +0 dagger.
* * * LOW HITPOINT WARNING * * *
You closely miss the goblin.
The goblin is moderately wounded.
The crimson imp blinks!
Your rat misses the goblin. Natasha claws you!
You die...

###..........###.#...............
..........#....#...........######
..........#....#..÷.######.#
.....#######...#.........#.######
.....# #...#.........'.......
.....#######...#.........#.######
.....#........##r).......#.#
.....#......)..#g#########.#
.....#.......#.#@# #.#
.....#.......#.#h# #.#
############†#.#5# ...
..........#g# ... #########.#..g#
... +.........#.gg#
#######.......# ###.....#(#
#.'.....#.#


You could see Robin, Natasha, a crimson imp (summoned), 2 hobgoblins, 2 goblins
and a friendly rat (summoned).

Vanquished Creatures
  Natasha (twice) (D:2)
  4 dart slugs
  3 ball pythons
  5 endoplasms (D:1)
  A giant cockroach (D:1)
  7 hobgoblins
  10 jackals
  8 kobolds
  A quokka (D:1)
  4 bats (D:1)
  4 frilled lizards
  6 goblins
  2 rats
57 creatures vanquished.

Vanquished Creatures (others)
  A fungus (D:1)
1 creature vanquished.

Grand Total: 58 creatures vanquished

Notes
Turn   | Place    | Note
-------+----------+-------------------------------------------
     0 | D:1      | sizableburger the Mummy Monk began the quest for the Orb.
     0 | D:1      | Reached XP level 1. HP: 18/18 MP: 1/1
   567 | D:1      | Reached XP level 2. HP: 21/24 MP: 2/2
   642 | D:1      | Found a faded altar of an unknown god.
  1817 | D:1      | Reached XP level 3. HP: 29/29 MP: 3/3
  2572 | D:2      | Noticed Natasha
  2948 | D:2      | Found a shimmering blue altar of Sif Muna.
  3004 | D:2      | Learned a level 1 spell: Summon Small Mammal
  3037 | D:2      | Found a runed translucent door.
  3038 | D:2      | Noticed Crazy Yiuf
  3644 | D:2      | Reached XP level 4. HP: 30/35 MP: 4/4
  3719 | D:2      | Killed Natasha
  3823 | D:2      | Noticed Natasha
  3831 | D:2      | Killed Natasha
  3902 | D:2      | Noticed Robin
  3966 | D:2      | Noticed Natasha
  3976 | D:2      | Slain by Natasha

Illustrated notes

Levels and vault maps discovered:
D:1:      eino_arrival_cavern_e, layout_basic, shapermc_ecumenical_altar_gd,
          minmay_hexomino_p4
D:2:      layout_basic, basic_altar, uniq_crazy_yiuf_cottage, uniq_robin,
          uniq_natasha

Skill      XL: |  1  2 |
---------------+-------+-----
Unarmed Combat | 3 |  3.6
Fighting       | |  3.7
Dodging        | |  2.8
Stealth        | |  1.5
Summonings     | |  0.8

Action                   |  1- 3 |  4- 6 || total
-------------------------+-------+-------++-------
Melee: Unarmed           |   193 |    20 ||   213
       Punch             |     6 |       ||     6
Throw: Javelin           |     5 |    11 ||    16
 Cast: Summon Small Mamm |       |     1 ||     1
  Use: Scroll            |       |     2 ||     2
 Stab: Sleeping          |     4 |       ||     4
Armor: Robe              |    26 |     5 ||    31
Dodge: Dodged            |   107 |    15 ||   122

Table legend: (Time is in decaauts)
 A = Elapsed time spent in this place.
 B = Non-inter-level travel time spent in this place.
 C = Inter-level travel time spent in this place.
 D = Time resting spent in this place.
 E = Time spent auto-exploring this place.
 F = Levels seen in this place.
 G = Mean time per level.
                   A        B        C        D        E       F      G
               +--------+--------+--------+--------+--------+-----+--------+
         Total |   3977 |   3691 |    286 |   1324 |   1661 |   2 | 1988.5 |
       Dungeon |   3977 |   3691 |    286 |   1324 |   1661 |   2 | 1988.5 |
               +--------+--------+--------+--------+--------+-----+--------+

Top non-repeatable levels by time:
     D:1: 2626 daAuts
     D:2: 1351 daAuts
